 Dungeon Sprint DCSS version 0.27.0-65-ge2af304b15 (webtiles) character file.

Game seed: 1885418918336536920

0 ABBCCCDDDD the Chopper (level 1, 0/28 HPs)
             Began as a Minotaur Berserker on Aug 18, 2021.
             Was a Follower of Trog.
             Succumbed to a scorpion's poison
             ... in the Dungeon (Sprint II: "The Violet Keep of Menkaure").
             The game lasted 00:00:08 (6 turns).

ABBCCCDDDD the Chopper (Minotaur Berserker)            Turns: 6, Time: 00:00:09

Health: 0/28       AC:  2    Str: 21    XL:     1   Next: 0%
Magic:  0/0        EV: 12    Int:  4    God:    Trog [*.....]
Gold:   0          SH:  0    Dex:  9    Spells: 0/0 levels left

rFire    . . .     SeeInvis .   a - +0 hand axe
rCold    . . .     Faith    .   (no shield)
rNeg     . . .     Spirit   .   b - +0 animal skin
rPois    .         Reflect  .   (helmet restricted)
rElec    .         Harm     .   (no cloak)
rCorr    .         Rampage  .   (no gloves)
Will     .....     NoTele   +   (no boots)
Stlth    ..........             (no amulet)
HPRegen  0.09/turn              (no ring)
MPRegen  0.07/turn              (no ring)

@: berserking, lethally poisoned (0 -> -17), very quick
A: horns 2, retaliatory headbutt
a: Renounce Religion, Berserk


You were in the Dungeon.
You worshipped Trog.
Trog was aware of your devotion.
You visited 1 branch

Inventory:

Hand Weapons
 a - a +0 hand axe (weapon)
Armour
 b - a +0 animal skin (worn)
Scrolls
 h - a scroll of blinking
Potions
 c - a potion of curing
 d - a potion of heal wounds
 e - a potion of haste
 f - 2 potions of magic
 g - a potion of berserk rage


   Skills:
 + Level 3.6 Fighting
 + Level 3.6 Axes
 + Level 2.4 Armour
 + Level 2.1 Dodging


You couldn't memorise any spells.
You didn't know any spells.
Your spell library was empty.

Dungeon Overview and Level Annotations

Branches:
Dungeon (1/1)

Altars:


Innate Abilities, Weirdness & Mutations

You have a pair of horns on your head.
You reflexively headbutt those who attack you in melee.


Message History

Welcome, ABBCCCDDDD the Minotaur Berserker.
Trog says: Kill them all!
Press ? for a list of commands and other information.
Found a staircase leading out of the dungeon.
As you open the door, it creaks loudly! 4 scorpions come into view.
The scorpion misses you. The scorpion stings you.
There is an open door here.
A red film seems to cover your vision as you go berserk!
You feel yourself moving faster!
You feel mighty! The scorpion closely misses you. The scorpion stings you!
You are poisoned.
The scorpion poisons you!
You are too injured to fight recklessly!
You are too injured to fight recklessly!
You are too injured to fight recklessly!
You are too injured to fight recklessly!
You slash the scorpion!
The scorpion is heavily wounded.
You barely miss the scorpion.
You feel sick. The scorpion closely misses you. The scorpion stings you.
* * * LOW HITPOINT WARNING * * *
You are lethally poisoned!
The scorpion poisons you!
You hit the scorpion.
The scorpion is heavily wounded.
You hit the scorpion.
* * * LOW HITPOINT WARNING * * *
You feel very sick. The scorpion closely misses you. The scorpion misses you.
You hit the scorpion. You headbutt the scorpion!
You kill the scorpion!
Trog accepts your kill.
You hit the scorpion but do no damage.
You die...

###
###
#.s
s.#
#s#†#
#@#
##.##
+.<.+
##.##
#+#


You could see 3 scorpions.

Levels and vault maps discovered:
D:        the_violet_keep_of_menkaure [sprint2_stairs_cluster_1,
          sprint2_shoproom, sprint2_temple, sprint2_basic_supplies,
          sprint2_obstacle_2, sprint2_obstacle_7, sprint2_obstacle_1,
          sprint2_obstacle_3, sprint2_obstacle_6, sprint2_timed_cluster_1,
          sprint2_smallroom_cluster_1, sprint2_smallroom_final_cluster_1,
          sprint2_transparent_cluster_1, sprint2_second_timed_cluster_1,
          sprint2_sniper_area_1, sprint2_heavy_combat_area_1,
          sprint2_mutation_trap_area_1, sprint2_forest_area_1,
          sprint2_light_combat_area_1, sprint2_behind_water_1,
          sprint2_near_end_vault_1]

Notes
Turn   | Place    | Note
-------+----------+-------------------------------------------
     0 | D        | ABBCCCDDDD the Minotaur Berserker began the quest for the
                  | Orb.
     0 | D        | Reached XP level 1. HP: 19/19 MP: 0/0
     1 | D        | Noticed a scorpion
     1 | D        | Noticed a scorpion
     1 | D        | Noticed a scorpion
     1 | D        | Noticed a scorpion
     6 | D        | Killed a scorpion
     6 | D        | Succumbed to a scorpion's poison

Table legend: (Time is in decaauts)
 A = Elapsed time spent in this place.
 B = Non-inter-level travel time spent in this place.
 C = Inter-level travel time spent in this place.
 D = Time resting spent in this place.
 E = Time spent auto-exploring this place.
 F = Levels seen in this place.
 G = Mean time per level.
                   A        B        C        D        E       F      G
               +--------+--------+--------+--------+--------+-----+--------+
         Total |      5 |      5 |      0 |      0 |      1 |   1 |    5.0 |
       Dungeon |      5 |      5 |      0 |      0 |      1 |   1 |    5.0 |
               +--------+--------+--------+--------+--------+-----+--------+

Top non-repeatable levels by time:
       D: 5 daAuts

Table legend:
 A = Kills in this place as a percentage of kills in entire the game.
 B = Kills by you in this place as a percentage of kills by you in the entire game.
 C = Kills by friends in this place as a percentage of kills by friends in the entire game.
 D = Other kills in this place as a percentage of other kills in the entire game.
 E = Experience gained in this place as a percentage of experience gained in the entire game.
 F = Experience gained in this place divided by the number of levels of this place that you have seen.
                   A       B       C       D       E      F
               +-------+-------+-------+-------+-------+----------------------
         Total | 100.0 | 100.0 |   N/A |   N/A | 100.0 |  83.0
       Dungeon | 100.0 | 100.0 |   N/A |   N/A | 100.0 |  83.0
               +-------+-------+-------+-------+-------+----------------------

Action                   || total
-------------------------++-------
Melee: Hand axe          ||     3
       Headbutt          ||     1
Invok: Berserk           ||     1
Dodge: Dodged            ||     5

Vanquished Creatures
  A scorpion (D)
1 creature vanquished.
